 Dungeon Crawl Stone Soup version 0.14.0-26-g1682e81 (webtiles) character file.

16084 Heini the Severer (level 12, 0/109 (110) HPs)
             Began as a Hill Orc Fighter on Apr 27, 2014.
             Was a High Priest of Okawaru.
             Succumbed to a deep elf mage's poison
             ... on Level 11 of the Dungeon.
             The game lasted 01:03:23 (13605 turns).

Heini the Severer (Hill Orc Fighter)               Turns: 13605, Time: 01:03:24

HP   0/109 (110) AC 20     Str 34      XL: 12   Next: 29%
MP  12/12        EV  6     Int  8      God: Okawaru [*****.]
Gold 444         SH 20     Dex  9 (10) Spells:  0 memorised, 11 levels left

rFire  . . .     SeeInvis .     a - +0,-4 war axe
rCold  . . .     Clarity  .     h - -1 plate armour
rNeg   . . .     Conserve .     c - -1 shield
rPois  .         rCorr    .     x - +1 helmet
rElec  .         rRot     .     y - -2 cloak
SustAb . .       Spirit   .     R - +1 pair of gloves
rMut   +         Warding  .     D - +0 pair of boots
Saprov + . .     Stasis   .     i - amulet of resist mutation
MR     .....                    (no ring)
                                F - +5 ring of strength

@: liquid flames, mighty, lethally poisoned, glowing, not resistant to hostile
enchantments, extremely unstealthy
A: saprovore 1
a: Heroism, Finesse, Renounce Religion


You were on level 11 of the Dungeon.
You worshipped Okawaru.
Okawaru was extremely pleased with you.
You were not hungry.

You visited 2 branches of the dungeon, and saw 12 of its levels.

You collected 558 gold pieces.
You spent 114 gold pieces at shops.

Inventory:

Hand weapons
 a - a +0,-4 war axe (weapon)
Armour
 c - a -1 shield (worn)
 h - a -1 plate armour (worn)
 x - a +1 helmet (worn)
 y - a -2 cloak (worn)
 D - a +0 pair of boots (worn)
 R - a +1 pair of gloves (worn)
Magical devices
 o - a wand of lightning (0)
 t - a wand of magic darts (16)
 C - a wand of random effects (9)
 G - a wand of hasting (1)
 Q - a wand of enslavement (13)
 U - a wand of flame (12) {unknown}
Comestibles
 d - 8 meat rations
 n - 8 bread rations
 w - 5 chokos
 J - 18 cheeses
 V - 18 strawberries
Scrolls
 k - 2 scrolls of blinking
 l - 4 scrolls of remove curse
 r - 2 scrolls of fear
 s - 4 scrolls of teleportation
 v - a scroll of enchant weapon I
 A - 2 scrolls of enchant weapon II
 M - 2 scrolls of amnesia
 P - a scroll of identify
Jewellery
 i - an amulet of resist mutation (around neck)
 F - a +5 ring of strength (left hand)
 I - an uncursed ring of flight
Potions
 e - 2 potions of might
 g - 2 potions of curing
 j - a potion of restore abilities
 m - a potion of berserk rage
 p - 4 potions of haste
 q - 2 potions of brilliance
 u - 2 potions of magic
 E - a potion of porridge
 H - a potion of flight
 L - a potion of agility
 O - a potion of mutation {unknown}
Books
 b - a book of Minor Magic

   Spells                             Type                      Level
   Magic Dart                         Conjuration                  1
   Blink                              Translocation                2
   Call Imp                           Summoning                    2
   Repel Missiles                     Charms/Air                   2
   Slow                               Hexes                        2
   Conjure Flame                      Conjuration/Fire             3
   Mephitic Cloud                     Conjuration/Poison/Air       3
 N - a book of Changes

   Spells                             Type                      Level
   Beastly Appendage                  Transmutation                1
   Sticks to Snakes                   Transmutation                2
   Spider Form                        Transmutation/Poison         3
   Ice Form                           Ice/Transmutation            4
   Blade Hands                        Transmutation                5
Miscellaneous
 K - a crystal ball of energy


   Skills:
 * Level 11.3 Fighting
 * Level 16.4 Axes
 * Level 12.5 Armour
 - Level 3.3 Shields
 + Level 0.4 Evocations


You had 11 spell levels left.
You didn't know any spells.

Dungeon Overview and Level Annotations

Branches:
Dungeon (11/15)            Temple (1/1) D:7             Orc (0/4) D:9
   Lair (0/8) D:11

Altars:
Ashenzari
Cheibriados
Dithmenos
Fedhas
Kikubaaqudgha
Makhleb
Nemelex Xobeh
Okawaru
Sif Muna
Trog
Vehumet
Xom
Zin
The Shining One
Beogh

Shops:
D:4 ?(=*!   D:7 !   D:10 [

Annotations:
D:11 Grum


Innate Abilities, Weirdness & Mutations

You can tolerate rotten meat.


Message History

You are covered in liquid flames!
The wolf bites you.
* * * LOW HITPOINT WARNING * * *
You closely miss the wolf.
The wolf is heavily wounded.
You closely miss the deep elf mage.
The deep elf mage is heavily wounded.
You are covered in liquid flames!
* * * LOW HITPOINT WARNING * * *
x2 You feel sick.
You block the wolf's attack. The wolf bites you but does no damage.
The deep elf mage hits you but does no damage.
Grum comes into view.
He is wielding a glaive.
You hit the wolf but do no damage. You barely miss the wolf.
The wolf is heavily wounded.
You closely miss the deep elf mage.
The deep elf mage is heavily wounded.
You are covered in liquid flames!
* * * LOW HITPOINT WARNING * * *
You die...

....#####.......##........f.....
...## ##...#...##........ff.Pf.
...# #...##...##.....fP.f.f.fP.
#### #.............#(..Pf..Pf.P
#................fPf..PPfP #
##...........<).PPP..f.PP #
##......#...)).fPf..fP.P #
##............Pf.PPPfPf #
###..e@......f.fff>f. #
.....#.hh.....Pff.ff.f #
............[..PP.PfP #
.......h......f.PP.f #
...............f.PP
...%.....[.....f. ........###...
.......# . g...#


You could see Grum, a deep elf mage and 3 wolves.

Vanquished Creatures
  Erolcha (D:11)
  A hill giant (D:11)
  Pikel (D:6)
  2 cyclopes
  A feature mimic (D:10)
  A kobold demonologist (D:10)
  A two-headed ogre (D:8)
  A merfolk (D:8)
  2 trolls (D:9)
  A deep elf mage (D:11)
  A brown ooze (D:10)
  5 yaks
  6 ugly things (D:9)
  A hog (D:8)
  A deep elf fighter (D:10)
  2 hungry ghosts
  2 hippogriffs
  4 wyverns
  Duvessa (D:6)
  7 orc warriors
  A slave (D:6)
  2 phantoms
  2 necrophages
  10 black bears
  An ice beast (D:6)
  5 ogres
  5 crocodiles
  9 giant goldfish (D:8)
  Sigmund (D:5)
  5 centaurs (D:8)
  4 big kobolds
  4 scorpions
  5 giant frogs
  3 gnoll sergeants (D:8)
  20 killer bees
  A water moccasin skeleton (D:5)
  A hippogriff skeleton (D:5)
  A yak zombie (D:11)
  4 electric eels (D:8)
  3 wights (D:9)
  2 centaur zombies
  Dowan (D:6)
  2 crimson imps
  A goliath beetle (D:8)
  2 big fish (D:8)
  A giant frog zombie (D:4)
  2 hounds
  A giant frog skeleton (D:5)
  3 iguanas
  10 jellies
  A quasit (D:10)
  5 orc priests
  2 gnoll shamans (D:8)
  8 orc wizards
  5 worker ants
  An orange rat (D:7)
  Ijyb (D:5)
  6 sheep (D:8)
  9 adders
  9 green rats
  2 orc zombies
  2 orc skeletons
  3 giant mites
  An inept feature mimic (D:6)
  5 worms
  3 ufetubi (D:10)
  An adder zombie (D:6)
  An iguana skeleton (D:7)
  18 oozes
  2 giant geckos
  36 orcs
  20 bats
  A bat zombie (D:5)
  3 giant cockroaches
  15 goblins
  22 hobgoblins
  5 jackals
  3 quokkas
  5 ball pythons
  5 giant newts
  A giant spore (D:9)
  22 kobolds
  A kobold skeleton (D:5)
  A quokka skeleton (D:6)
  40 rats
  A rat skeleton (D:4)
  6 ballistomycetes
  3 fungi (D:10)
  3 plants (D:8)
432 creatures vanquished.

Vanquished Creatures (collateral kills)
  A hill giant (D:9)
  An ogre skeleton (D:9)
2 creatures vanquished.

Vanquished Creatures (others)
  A black bear (D:8)
  3 slaves (D:6)
  A giant gecko (D:8)
  An ooze (D:6)
  An orc (D:11)
  4 giant spores (D:8)
  A quokka skeleton (D:6)
  3 fungi (D:10)
  5 plants
20 creatures vanquished.

Grand Total: 454 creatures vanquished

Notes
Turn   | Place    | Note
--------------------------------------------------------------
     0 | D:1      | Heini, the Hill Orc Fighter, began the quest for the Orb.
     0 | D:1      | Reached XP level 1. HP: 19/19 MP: 1/1
   119 | D:1      | Reached XP level 2. HP: 22/27 MP: 2/2
   212 | D:1      | Reached skill level 4 in Fighting
   474 | D:1      | Reached XP level 3. HP: 31/33 MP: 3/3
  1368 | D:2      | Reached XP level 4. HP: 41/41 MP: 4/4
  2241 | D:3      | Reached skill level 5 in Fighting
  2241 | D:3      | Reached XP level 5. HP: 28/48 MP: 5/5
  2473 | D:4      | Found Qauz's Assorted Antiques.
  2498 | D:4      | Bought a scroll of identify for 46 gold pieces
  2635 | D:4      | Reached skill level 5 in Axes
  2635 | D:4      | Reached skill level 5 in Armour
  2635 | D:4      | Reached XP level 6. HP: 49/56 MP: 6/6
  2810 | D:4      | Found Foledyh's Magic Scroll Emporium.
  2813 | D:4      | Bought a scroll of identify for 26 gold pieces
  2821 | D:4      | Found Mung's Distillery.
  3074 | D:4      | Reached skill level 6 in Axes
  3074 | D:4      | Reached XP level 7. HP: 42/61 MP: 7/7
  3154 | D:4      | Bought a potion of heal wounds for 42 gold pieces
  3164 | D:4      | Noticed an ogre
  3174 | D:4      | Killed an ogre
  3428 | D:4      | Found a sparkling altar of Nemelex Xobeh.
  3481 | D:4      | Found Grutzuko's Jewellery Boutique.
  3498 | D:4      | Found Broizufu's Antique Weapon Shop.
  3641 | D:4      | Reached skill level 7 in Axes
  3695 | D:5      | Entered Level 5 of the Dungeon
  3794 | D:5      | Noticed Sigmund
  3817 | D:5      | Killed Sigmund
  3817 | D:5      | Reached XP level 8. HP: 43/70 MP: 8/8
  3898 | D:5      | Noticed Ijyb
  3909 | D:5      | Killed Ijyb
  3945 | D:5      | Got a heavily runed chain mail
  3965 | D:5      | Identified the cursed -8 chain mail of Compression {MR+ Dex+3 Stlth+} (You found it on level 5 of the Dungeon)
  4069 | D:5      | Reached skill level 8 in Axes
  4181 | D:6      | Noticed Pikel
  4189 | D:6      | Killed Pikel
  4189 | D:6      | Reached skill level 9 in Axes
  4236 | D:6      | Reached XP level 9. HP: 40/77 MP: 9/9
  4361 | D:6      | Noticed Duvessa
  4364 | D:6      | Noticed Dowan
  4368 | D:6      | Killed Duvessa
  4374 | D:6      | Killed Dowan
  4401 | D:6      | Found a staircase to the Ecumenical Temple.
  4411 | D:6      | the staircase to the Ecumenical Temple was a mimic.
  4414 | D:6      | Reached skill level 10 in Axes
  5232 | D:7      | Noticed an angel
  5234 | D:7      | Found a shimmering altar of Xom.
  5236 | D:7      | Found a glowing silver altar of Zin.
  5258 | D:7      | Found Ukaox's Distillery.
  5287 | D:7      | Reached skill level 11 in Axes
  5793 | D:7      | Found a staircase to the Ecumenical Temple.
  5848 | Temple   | Entered the Ecumenical Temple
  5905 | Temple   | Became a worshipper of Warmaster Okawaru
  6405 | D:8      | Acquired Okawaru's first power
  6405 | D:8      | Reached skill level 12 in Axes
  6405 | D:8      | Reached XP level 10. HP: 34/89 MP: 10/10
  7249 | D:8      | Reached skill level 10 in Armour
  7552 | D:8      | Found a shadowy altar of Dithmenos.
  7943 | D:8      | Reached skill level 13 in Axes
  9025 | D:8      | Reached XP level 11. HP: 80/96 MP: 11/11
  9588 | D:8      | Reached skill level 14 in Axes
  9840 | D:9      | Noticed a hill giant
  9846 | D:9      | Killed a hill giant
  9846 | D:9      | Reached skill level 10 in Fighting
 10053 | D:9      | HP: 4/99 [yak (8)]
 11254 | D:9      | Reached skill level 15 in Axes
 11271 | D:9      | Found a staircase to the Orcish Mines.
 11332 | D:9      | Found a roughly hewn altar of Beogh.
 11432 | D:10     | Entered Level 10 of the Dungeon
 11435 | D:10     | Found Kuelal's Armour Boutique.
 11553 | D:10     | Acquired Okawaru's second power
 12287 | D:10     | Reached XP level 12. HP: 107/107 MP: 12/12
 12387 | D:10     | Found a staircase to the Lair.
 12389 | D:10     | the staircase to the Lair was a mimic.
 12538 | D:10     | Reached skill level 16 in Axes
 13190 | D:11     | Found a staircase to the Lair.
 13286 | D:11     | Noticed Erolcha
 13588 | D:11     | Killed Erolcha
 13604 | D:11     | HP: 5/109 [poisoned by a deep elf mage]
 13605 | D:11     | Noticed Grum
 13605 | D:11     | HP: 1/109 [burnt (4)]
 13605 | D:11     | Succumbed to a deep elf mage's poison

Action                   |  1- 3 |  4- 6 |  7- 9 | 10-12 || total
-------------------------+-------+-------+-------+-------++-------
Melee: War axe           |   140 |   266 |   411 |   922 ||  1739
Invok: Heroism           |       |       |       |     1 ||     1
Evoke: Wand              |       |       |     1 |     4 ||     5
  Use: Scroll            |     4 |     8 |     7 |     6 ||    25
       Potion            |       |     3 |     5 |     6 ||    14
 Stab: Fleeing           |       |       |       |     1 ||     1
